 Dungeon Crawl Stone Soup version 0.28.0 (webtiles) character file.

Game seed: 1709781604958894693

354 flotson the Chopper (level 6, -1/47 HPs)
             Began as a Demonspawn Gladiator on Feb 7, 2022.
             Slain by a two-headed ogre (20 damage)
             ... on level 4 of the Dungeon.
             The game lasted 00:06:53 (4217 turns).

flotson the Chopper (Demonspawn Gladiator)          Turns: 4217, Time: 00:06:53

Health: -1/47      AC:  8    Str: 16    XL:     6   Next: 35%
Magic:  6/6        EV: 11    Int:  9    God:
Gold:   110        SH:  0    Dex: 15    Spells: 5/5 levels left

rFire   . . .      SeeInvis +   w - +2 flail (protect)
rCold   . . .      Faith    .   (no shield)
rNeg    . . .      Spirit   .   q - +0 scale mail
rPois   .          Reflect  .   (helmet unavailable)
rElec   .          Harm     .   d - +0 cloak
rCorr   .          Rampage  .   (no gloves)
Will    .....                   (no boots)
Stlth   ..........              r - amulet of regeneration
HPRegen 0.95/turn               (no ring)
MPRegen 0.10/turn               (no ring)

@: no status effects
A: antennae 3, powered by death 1, sharp scales 1
a: no special abilities


You were on level 4 of the Dungeon.
You visited 1 branch of the dungeon, and saw 4 of its levels.

You collected 110 gold pieces.

Inventory:

Hand Weapons
 a - a +0 war axe
 b - a +0 hunting sling
 l - a +2 quarterstaff of chaos
 w - a +2 flail of protection (weapon)
Missiles
 h - 5 boomerangs (quivered)
 j - 117 stones
 y - 5 poisoned darts
 z - 9 sling bullets
Armour
 d - a +0 cloak (worn)
 q - a +0 scale mail (worn)
Jewellery
 r - an amulet of regeneration (around neck)
Wands
 u - a wand of flame (19)
Scrolls
 f - 2 scrolls of fog {unknown}
 i - 4 scrolls of identify {unknown}
 m - a scroll of enchant armour {unknown}
 n - a scroll of teleportation {unknown}
 o - a scroll of silence {unknown}
 p - a scroll of fear {unknown}
 v - a scroll of amnesia {unknown}
 x - a scroll of torment {unknown}
Potions
 c - a potion of flight {unknown}
 e - a potion of heal wounds {unknown}
 g - a potion of degeneration {unknown}
 k - a potion of ambrosia {unknown}
 s - 2 potions of brilliance {unknown}
 t - a potion of curing {unknown}


   Skills:
 + Level 3.5 Fighting
 + Level 3.7 Axes
 + Level 3.1 Throwing
 + Level 2.3 Armour
 + Level 3.7 Dodging


You had 5 spell levels left.
You didn't know any spells.
Your spell library contained the following spells:

 Spells                   Type           Power      Damage    Failure   Level
 Pain                     Necr           0%         1d4       82%         1
 Slow                     Hex            0%         N/A       82%         1
 Sting                    Tmut/Pois      0%         1d3       82%         1
 Summon Small Mammal      Summ           0%         N/A       82%         1
 Call Canine Familiar     Summ           0%         N/A       99%         3
 Summon Guardian Golem    Hex/Summ       0%         N/A       99%         3


Dungeon Overview and Level Annotations

Branches:
Dungeon (4/15)
 Temple: D:4-7

Altars:


Innate Abilities, Weirdness & Mutations

You have a pair of large antennae on your head. (SInv)
You regenerate a little health from kills.
You are partially covered in razor-sharp scales. (AC +1, Slay +1)


Message History

Found a stone staircase leading up.
You see here 9 sling bullets.
z - 9 sling bullets
Found 29 bolts.
You sense a monster nearby.
A ball python comes into view.
You closely miss the ball python.
The ball python bites you but does no damage.
The ball python grabs you. The ball python constricts you.
The ball python closely misses you. The ball python constricts you.
The two-headed ogre shouts in stereo!
You sock the ball python!
Your weapon exudes an aura of protection.
You kill the ball python!
A kobold and a worm come into view.
The kobold shouts!
The two-headed ogre hits you with a +0 dire flail!
The two-headed ogre hits you with a +0 giant club!!
* * * LOW HITPOINT WARNING * * *
You are too injured to fight recklessly!
You are too injured to fight recklessly!
You are too injured to fight recklessly!
You are too injured to fight recklessly!
You are too injured to fight recklessly!
You are too injured to fight recklessly!
You are too injured to fight recklessly!
You are too injured to fight recklessly!
You are too injured to fight recklessly!
You are too injured to fight recklessly!
You are too injured to fight recklessly!
You are too injured to fight recklessly!
Unknown command.
The kobold unwields a +0 dagger.
The kobold wields a +0 hand crossbow.
The kobold shoots a bolt.
The bolt hits you but does no damage.
Unknown command.
Unknown command.
There is a stone staircase leading up here.
The two-headed ogre hits you with a +0 dire flail!
The two-headed ogre hits you with a +0 giant club!!
You die...

.#....###.#.#..#....##########...
.'....'......................'...
.#....###.#...)....#######.###...
.#....# #.#........## ##..
.#....# #.#.........# # #..
##....# #{#.......#.######.######
###### #.#.......#..##..........
#.#.......##.##.##.####[. .
#.#....O@).........# ##.# #.
#.#.#..######.#.#..###... #..
#.#.#..######...#..#...##
....#####.#.#...........#..#.#.#.
w.........#.#{.............#...##
#......†?.#......................
#...K...(.............#.##.###..#
..........#####....##........#...
....####### #....##........#...


You could see a two-headed ogre.

Vanquished Creatures
  Edmund (D:4)
  A scorpion (D:4)
  Crazy Yiuf (D:2)
  Jessica (D:2)
  An iguana (D:4)
  A howler monkey skeleton (D:4)
  An adder (D:2)
  An adder skeleton (D:4)
  A worm (D:4)
  4 dart slugs
  3 orcs (D:3)
  7 ball pythons
  6 bats
  4 endoplasms
  7 goblins
  8 hobgoblins
  3 jackals (D:2)
  5 kobolds
  4 quokkas
  6 frilled lizards
  7 rats
73 creatures vanquished.

Notes
Turn   | Place    | Note
-------+----------+-------------------------------------------
     0 | D:1      | flotson the Demonspawn Gladiator began the quest for the
                  | Orb.
     0 | D:1      | Reached XP level 1. HP: 16/16 MP: 1/1
    58 | D:1      | Gained mutation: You have a pair of small antennae on your
                  | head. [demonic ancestry]
    58 | D:1      | Reached XP level 2. HP: 19/22 MP: 2/2
   868 | D:1      | Found a faded altar of an unknown god.
  1000 | D:1      | Reached skill level 1 in Armour
  1000 | D:1      | Gained mutation: You have a pair of antennae on your head.
                  | [demonic ancestry]
  1000 | D:1      | Reached XP level 3. HP: 28/28 MP: 3/3
  1606 | D:2      | Noticed Jessica
  1611 | D:2      | Killed Jessica
  1612 | D:2      | Gained mutation: You have a pair of large antennae on your
                  | head. (SInv) [demonic ancestry]
  1612 | D:2      | Reached XP level 4. HP: 10/34 MP: 4/4
  2257 | D:2      | Got Witchcraft, Part One
  2309 | D:2      | Found a runed translucent door.
  2310 | D:2      | Noticed Crazy Yiuf
  2322 | D:2      | Killed Crazy Yiuf
  3393 | D:4      | Gained mutation: You are partially covered in razor-sharp
                  | scales. (AC +1, Slay +1) [demonic ancestry]
  3393 | D:4      | Reached XP level 5. HP: 38/40 MP: 5/5
  3474 | D:4      | Noticed Edmund
  3474 | D:4      | Noticed a two-headed ogre
  3935 | D:4      | Killed Edmund
  3936 | D:4      | Gained mutation: You regenerate a little health from kills.
                  | [demonic ancestry]
  3936 | D:4      | Reached XP level 6. HP: 10/47 MP: 6/6
  4217 | D:4      | Slain by a two-headed ogre

Illustrated notes

Levels and vault maps discovered:
D:1:      evilmike_arrival_crescent, layout_basic,
          dreamdust_ecumenical_altar_grove, minmay_misc_feat_encased
D:2:      layout_loops_ring, uniq_crazy_yiuf_cottage, uniq_jessica
D:3:      layout_basic
D:4:      layout_basic, chequers_serial_rivers_small_3, st_stairs_5,
          minmay_fractal_squares_5, uniq_edmund

Skill      XL: |  1  2  3  4  5 |
---------------+----------------+-----
Throwing       | 2 3 |  3.1
Armour         | 1 2 |  2.3
Axes           | 3 |  3.7
Dodging        | 3 |  3.7
Fighting       | 3 |  3.5

Action                   |  1- 3 |  4- 6 || total
-------------------------+-------+-------++-------
Melee: War axe           |    85 |    28 ||   113
       Quarterstaff      |       |    78 ||    78
       Flail             |       |    20 ||    20
 Fire: Hunting sling     |    14 |       ||    14
Throw: Boomerang         |     8 |       ||     8
       Throwing net      |     1 |     6 ||     7
       Dart              |       |     5 ||     5
 Stab: Held in net/web   |       |     1 ||     1
       Sleeping          |       |     1 ||     1
Armor: Leather armour    |    25 |    12 ||    37
       Scale mail        |       |    31 ||    31
Dodge: Dodged            |    79 |    72 ||   151
